 Dungeon Crawl Stone Soup version 0.28-a0-998-gb9e9c7b67e (webtiles) character file.

Game seed: 4317949042625907760

874 demibob the Chopper (level 7, 0/48 HPs)
             Began as a Demonspawn Wanderer on Dec 6, 2021.
             Was an Initiate of Gozag.
             Succumbed to a killer bee's poison
             ... on level 5 of the Dungeon.
             The game lasted 00:07:11 (5434 turns).

demibob the Chopper (Demonspawn Wanderer)           Turns: 5434, Time: 00:07:11

Health: 0/48       AC: 10    Str: 12    XL:     7   Next: 74%
Magic:  8/8        EV:  8    Int: 16    God:    Gozag
Gold:   399        SH:  0    Dex: 12    Spells: 8/8 levels left

rFire   . . .      SeeInvis .   a - +1 hand axe
rCold   . . .      Faith    .   (no shield)
rNeg    . . .      Spirit   .   b - +2 scale mail
rPois   .          Reflect  .   (helmet restricted)
rElec   .          Harm     .   (no cloak)
rCorr   .          Rampage  .   (no gloves)
Will    .....      Clarity  +   f - +0 pair of boots
Stlth   ..........              (no amulet)
HPRegen 0.16/turn               (no ring)
MPRegen 0.11/turn               (no ring)

@: lethally poisoned (0 -> -12)
A: horns 1, demonic guardian 1, spiny 1, claws 1, clarity, deterioration 1
a: Renounce Religion, Potion Petition, Call Merchant, Bribe Branch


You were on level 5 of the Dungeon.
You worshipped Gozag.
Gozag was aware of your devotion.
You visited 1 branch of the dungeon, and saw 5 of its levels.

You collected 399 gold pieces.


Innate Abilities, Weirdness & Mutations

You have a pair of small horns on your head.
A weak demonic guardian rushes to your aid.
You are partially covered in sharp spines.
You have sharp fingernails.
You possess an exceptional clarity of mind.
Your body sometimes deteriorates upon taking damage.


   Skills:
 - Level 1.0 Fighting
 + Level 6.9 Axes
 - Level 1.0 Throwing
 - Level 4.8 Armour
 - Level 1.0 Shields
 - Level 1.0 Spellcasting
 - Level 1.0 Transmutations
 - Level 1.0 Poison Magic


You had 8 spell levels left.
You didn't know any spells.
Your spell library was empty.

Inventory:

Hand Weapons
 a - a +1 hand axe (weapon)
Missiles
 e - 20 poisoned darts (quivered)
Armour
 b - a +2 scale mail (worn)
 d - a scarf of shadows
 f - a +0 pair of boots (worn)
Scrolls
 c - 2 scrolls of teleportation {@r2}
Potions
 g - a potion of lignification {unknown}
 l - a potion of flight

Dungeon Overview and Level Annotations

Branches:
Dungeon (5/15)
 Temple: D:4-7

Altars:
Gozag
Makhleb
Ru

Annotations:
D:2 1 runed translucent door, Crazy Yiuf
D:3 3 runed translucent doors, ragingrage's ghost, weakling MfDe; ytrimaz's ghost, amateur OpCK

### ## #.. .. #.##.#
#..#.# ##....#### ...
#.########........).....
##..............###.....
#§§#§##@##..............
#.#§#.##y###.....##......
#.
#.#.##$###.........##.. #
#...$.$........##.###..
#..###.#######.##...#..
........# #.# #..........
#y...#..#
#.##..............
#.#....?.
.....####░░░░░░░.. #
#....#. ### ░.[...░..


You could see a killer bee.


Message History

The killer bee poisons you!
Okay, then.
You closely miss the killer bee.
The killer bee is almost dead.
* * * LOW HITPOINT WARNING * * *
You feel very sick.
The killer bee is distracted by your dazzling golden aura.
Unknown command.
You strike the helpless killer bee from behind!
You hit the killer bee.
The killer bee is no longer distracted by gold.
The killer bee is almost dead.
* * * LOW HITPOINT WARNING * * *
You feel very sick. The killer bee barely misses you.
The killer bee stings you but does no damage.
You completely miss the killer bee. You headbutt the killer bee.
You kill the killer bee!
* * * LOW HITPOINT WARNING * * *
You feel sick. The killer bee stings you.
* * * LOW HITPOINT WARNING * * *
You are more poisoned.
The killer bee poisons you!
You feel your strength returning.
* * * LOW HITPOINT WARNING * * *
You feel very sick.
The killer bee stings you but does no damage.
It was a potion of cancellation.
You feel magically purged.
You die...
Your body crumbles into a pile of gold.

Skill      XL: |  1  2  3  4  5  6  7 |
---------------+----------------------+-----
Axes           | 2 3 5 6 |  6.9
Armour         | 3 4 |  4.8
Fighting       | |  1.0
Throwing       | |  1.0
Shields        | |  1.0
Spellcasting   | |  1.0
Transmutations | |  1.0
Poison Magic   | |  1.0

Action                   |  1- 3 |  4- 6 |  7- 9 || total
-------------------------+-------+-------+-------++-------
Melee: Hand axe          |   197 |   157 |    51 ||   405
       Headbutt          |       |     9 |     8 ||    17
  Use: Scroll            |     3 |     7 |     2 ||    12
       Potion            |       |     6 |     1 ||     7
 Stab: Distracted        |       |       |     1 ||     1
Armor: Scale mail        |   152 |    89 |    36 ||   277
Dodge: Dodged            |   107 |    60 |    20 ||   187

Levels and vault maps discovered:
D:1:      dpeg_arrival_subterranean_lakeside_camping, layout_basic, st_stairs_10
D:2:      layout_basic, serial_shops, shop, shapermc_ecumenical_altar_ellora,
          uniq_crazy_yiuf_cottage
D:3:      layout_loops_ring, nicolae_ru_path_of_blood, gammafunk_ghost_cemetery,
          uniq_terence, uniq_sigmund
D:4:      layout_cave_pools
D:5:      layout_loops_ring, mainiacjoe_overflow_alcove_4, uniq_eustachio,
          uniq_duvessa

Notes
Turn   | Place    | Note
-------+----------+-------------------------------------------
     0 | D:1      | demibob the Demonspawn Wanderer began the quest for the
                  | Orb.
     0 | D:1      | demibob set off with the following items: a +0 hand axe, a
                  | +2 scale mail, a scroll of teleportation {@r2}
     0 | D:1      | Reached XP level 1. HP: 15/15 MP: 2/2
    33 | D:1      | Reached skill level 2 in Axes
   112 | D:1      | Gained mutation: A weak demonic guardian rushes to your
                  | aid. [demonic ancestry]
   112 | D:1      | Reached XP level 2. HP: 17/21 MP: 3/3
   424 | D:1      | Reached skill level 3 in Axes
   560 | D:1      | Reached XP level 3. HP: 14/26 MP: 4/4
  1863 | D:2      | Found Acerus's Armour Shop.
  1884 | D:2      | Reached XP level 4. HP: 29/32 MP: 5/5
  1885 | D:2      | Reached skill level 4 in Axes
  2059 | D:2      | Found a faded altar of an unknown god.
  2382 | D:2      | Found a runed translucent door.
  2383 | D:2      | Noticed Crazy Yiuf
  2917 | D:2      | Prayed at the altar of an unknown god.
  2917 | D:2      | Became a worshipper of Gozag Ym Sagoz the Greedy
  2920 | D:2      | Gained mutation: You have a pair of small antennae on your
                  | head. [potion of mutation]
  2920 | D:2      | Gained mutation: You have a pair of antennae on your head.
                  | [potion of mutation]
  2921 | D:2      | Gained mutation: You possess an exceptional clarity of
                  | mind. [potion of mutation]
  2921 | D:2      | Gained mutation: Your body sometimes deteriorates upon
                  | taking damage. [potion of mutation]
  2921 | D:2      | Gained mutation: You have sharp fingernails. [potion of
                  | mutation]
  2954 | D:3      | Noticed Terence
  2961 | D:3      | Reached skill level 2 in Armour
  2978 | D:3      | Killed Terence
  3161 | D:3      | Noticed Sigmund
  3184 | D:3      | Killed Sigmund
  3185 | D:3      | Reached skill level 5 in Axes
  3185 | D:3      | Reached skill level 3 in Armour
  3185 | D:3      | Gained mutation: You are partially covered in sharp spines.
                  | [demonic ancestry]
  3185 | D:3      | Reached XP level 5. HP: 25/37 MP: 6/6
  3185 | D:3      | Lost mutation: You have a pair of antennae on your head.
                  | [demonic ancestry]
  3185 | D:3      | Lost mutation: You have a pair of small antennae on your
                  | head. [demonic ancestry]
  3185 | D:3      | Gained mutation: You have a pair of small horns on your
                  | head. [demonic ancestry]
  3185 | D:3      | Reached XP level 6. HP: 30/43 MP: 7/7
  3312 | D:3      | You fall into a shaft and drop 1 floor!
  3836 | D:3      | Found a sacrificial altar of Ru.
  3991 | D:3      | Found a runed translucent gate.
  3992 | D:3      | Found a runed translucent gate.
  3992 | D:3      | Found a runed translucent gate.
  3993 | D:3      | Noticed ytrimaz's ghost (amateur OpCK)
  3993 | D:3      | Noticed ragingrage's ghost (weakling MfDe)
  4131 | D:4      | Reached skill level 4 in Armour
  4591 | D:4      | Reached XP level 7. HP: 43/48 MP: 8/8
  4675 | D:5      | Entered Level 5 of the Dungeon
  4688 | D:4      | Reached skill level 6 in Axes
  5175 | D:5      | Found a burning altar of Makhleb.
  5227 | D:5      | Identified the +1 ring mail of Oblivion {*Slow rElec rCorr
                  | Stlth+}
  5433 | D:5      | HP: 2/48 [poisoned by a killer bee]
  5434 | D:5      | Succumbed to a killer bee's poison

Vanquished Creatures
  A scorpion (D:4)
  A wyvern zombie (D:5)
  3 killer bees (D:5)
  A centaur zombie (D:5)
  A hound (D:3)
  3 centaur skeletons
  A gnoll shaman (D:4)
  Terence (D:3)
  3 gnolls
  3 adders
  A white imp (D:4)
  4 dart slugs
  2 orcs (D:4)
  11 bats
  9 endoplasms
  2 giant cockroaches (D:1)
  9 goblins
  8 hobgoblins
  7 jackals
  6 quokkas
  9 ball pythons
  3 frilled lizards
  10 kobolds
  8 rats
107 creatures vanquished.

Vanquished Creatures (collateral kills)
  Sigmund (D:3)
  An ogre (D:4)
  2 kobolds (D:1)
4 creatures vanquished.

Grand Total: 111 creatures vanquished

Table legend: (Time is in decaauts)
 A = Elapsed time spent in this place.
 B = Non-inter-level travel time spent in this place.
 C = Inter-level travel time spent in this place.
 D = Time resting spent in this place.
 E = Time spent auto-exploring this place.
 F = Levels seen in this place.
 G = Mean time per level.
                   A        B        C        D        E       F      G
               +--------+--------+--------+--------+--------+-----+--------+
         Total |   5478 |   5309 |    169 |    887 |   3521 |   5 | 1095.6 |
       Dungeon |   5478 |   5309 |    169 |    887 |   3521 |   5 | 1095.6 |
               +--------+--------+--------+--------+--------+-----+--------+

Top non-repeatable levels by time:
     D:1: 1605 daAuts
     D:2: 1383 daAuts
     D:4: 1125 daAuts
     D:3: 1040 daAuts
     D:5: 322 daAuts

Table legend:
 A = Non-vault XP
 B = Vault XP
 C = Vault XP percentage of total XP
 D = Non-vault monster count
 E = Vault monster count
 F = Vault count percentage of total count
                 A         B        C        D         E       F
            +---------+---------+-------+---------+---------+-------
      Total |     968 |     281 |  22.5 |     100 |      11 |   9.9
            +---------+---------+-------+---------+---------+-------
        D:1 |      68 |      14 |  17.1 |      37 |       9 |  19.6
        D:2 |      64 |       0 |   0.0 |      23 |       0 |   0.0
        D:3 |      77 |     267 |  77.6 |      14 |       2 |  12.5
        D:4 |     372 |       0 |   0.0 |      16 |       0 |   0.0
        D:5 |     387 |       0 |   0.0 |      10 |       0 |   0.0
            +---------+---------+-------+---------+---------+-------
